AoeStats
← K

Arena

509681793Analyzed
4v4 RM · 6d ago on Sep 27, 2026· 61m 32s· 8 players
Game mode
Random Map
Map size
Large (8 player)
Population
200
Speed
Normal
Resources
Standard
Victory
Conquest
Starting age
Dark Age
Ending age
Imperial Age
RankedLock teamsTeams togetherTeam positionsShared explorationLock speedFull tech treeHidden civsTurbo modeCheats
Victory
Defeat
🇬🇧 Dravidians · United Kingdom
1124
+16
🇲🇽 Saxons · Mexico
1094
+17
🇨🇳 Spanish · China
1045
+19
🇺🇸 Huns · United States
993
+22
🇨🇴 Mongols · Colombia
1157
-20
🇨🇴 Franks · Colombia
1145
-20
🇨🇴 Romans · Colombia
1127
-19
🇵🇪 Cumans · Peru
1027
-15
种田低手
10:21 Feudal Age
14:05 Castle Age
12:12 Double-Bit Axe
12:34 Horse Collar
18:39 Padded Archer Armor
20:37 Leather Archer Armor
22:37 Bloodlines
28:13 Bow Saw
28:21 Heavy Plow
28:58 Stone Mining
28:58 Gold Mining
29:59 Wheelbarrow
29:10 Loom
36:36 Imperial Age
35:25 Hand Cart
34:55 Town Watch
36:08 Fletching
37:11 Stone Shaft Mining
37:50 Ring Archer Armor
37:41 Conscription
36:43 Elite Conquistador
37:47 Conscription
38:29 Chemistry
39:05 Two-Man Saw
38:19 Guilds
50:06 Coinage
52:22 Supremacy
52:37 Hoardings
61:31 Caravan
Amaturehour15
10:02 Feudal Age
10:40 Horse Collar
10:48 Double-Bit Axe
11:57 Wheelbarrow
13:12 Gold Mining
18:24 Bloodlines
18:23 Loom
21:20 Castle Age
21:18 Man-at-Arms
24:49 Town Watch
sabin
11:08 Feudal Age
14:57 Castle Age
12:44 Horse Collar
13:21 Double-Bit Axe
15:24 Gold Mining
16:22 Heavy Plow
16:38 Bow Saw
16:21 Loom
21:19 Stone Mining
21:33 Pikeman
23:27 Scale Mail Armor
25:23 Sanctity
27:36 Forging
27:44 Clerical Recruitment
29:55 Fletching
34:03 Imperial Age
31:30 Bodkin Arrow
33:05 Ballistics
33:12 Treadmill Crane
34:03 Chain Mail Armor
34:12 Squires
35:53 Conscription
34:54 Elite Hearth Troop
36:07 Plate Mail Armor
35:52 Town Watch
36:43 Wheelbarrow
35:31 Shield Wall
36:57 Gold Shaft Mining
35:46 Capped Ram
36:13 Halberdier
37:13 Siege Engineers
37:45 Iron Casting
37:38 Padded Archer Armor
38:40 Chemistry
38:35 Bracer
39:06 Masonry
39:55 Block Printing
40:05 Illumination
39:51 Redemption
40:08 Leather Archer Armor
41:42 Ring Archer Armor
41:45 Architecture
40:57 Siege Ram
40:59 Onager
42:17 Hand Cart
42:02 Town Patrol
42:34 Crop Rotation
43:05 Hoardings
43:59 Elite Varangian Guard
44:25 Arson
44:26 Gambesons
44:02 Man-at-Arms
45:59 Scale Barding Armor
46:22 Heavy Scorpion
51:49 Coinage
56:27 Two-Man Saw
57:51 Chain Barding Armor
58:19 Long Swordsman
58:52 Two-Handed Swordsman
59:47 Murder Holes
60:02 Fortified Wall
59:38 Arrowslits
60:56 Champion
K
10:07 Feudal Age
14:31 Castle Age
13:21 Double-Bit Axe
14:41 Gold Mining
17:42 Loom
19:00 Fletching
24:04 Town Watch
26:12 Horse Collar
29:29 Bow Saw
30:33 Heavy Plow
30:33 Stone Mining
33:42 Bodkin Arrow
34:25 Padded Archer Armor
35:13 Wheelbarrow
37:32 Imperial Age
37:22 Leather Archer Armor
38:17 Hand Cart
37:46 Elite Elephant Archer
38:31 Bracer
39:37 Chemistry
39:12 Conscription
40:38 Two-Man Saw
40:18 Ring Archer Armor
41:23 Thumb Ring
42:06 Forging
41:56 Scale Mail Armor
41:52 Gambesons
42:07 Squires
41:28 Pikeman
41:54 Arson
42:35 Ballistics
44:53 Halberdier
46:04 Wootz Steel
45:50 Medical Corps
47:06 Iron Casting
46:46 Chain Mail Armor
49:34 Hoardings
50:03 Blast Furnace
49:33 Plate Mail Armor
48:52 Arrowslits
49:18 Masonry
54:13 Scale Barding Armor
61:43 Chain Barding Armor
61:27 Devotion
61:40 Fortified Wall
Descomponido
7:09 Loom
10:02 Feudal Age
11:27 Man-at-Arms
15:44 Scale Mail Armor
15:54 Forging
16:42 Double-Bit Axe
21:37 Horse Collar
24:39 Castle Age
23:58 Gold Mining
23:59 Stone Mining
26:04 Chain Mail Armor
26:24 Iron Casting
25:41 Fletching
26:23 Bow Saw
27:30 Scale Barding Armor
28:13 Wheelbarrow
31:00 Gold Shaft Mining
30:30 Heavy Plow
35:42 Long Swordsman
36:23 Squires
36:47 Pikeman
38:31 Padded Archer Armor
39:16 Bodkin Arrow
44:39 Imperial Age
53:49 Light Cavalry
54:40 Bloodlines
cristianarturo201822
10:34 Feudal Age
14:08 Castle Age
12:16 Double-Bit Axe
15:31 Bow Saw
16:55 Loom
18:44 Scale Barding Armor
21:15 Wheelbarrow
21:49 Husbandry
23:49 Chain Barding Armor
24:00 Gold Mining
25:00 Hand Cart
25:26 Forging
27:48 Gold Shaft Mining
29:58 Iron Casting
32:44 Imperial Age
32:54 Cavalier
34:14 Cavalier
35:20 Town Watch
35:56 Paladin
37:59 Plate Barding Armor
40:01 Blast Furnace
53:35 Stone Mining
55:28 Padded Archer Armor
55:25 Elite Skirmisher
57:52 Ballistics
59:26 Chemistry
daniel_cerquera1
2:34 Loom
11:03 Feudal Age
11:34 Loom
15:11 Castle Age
13:24 Horse Collar
14:27 Double-Bit Axe
15:42 Fletching
18:19 Stone Mining
22:07 Bodkin Arrow
26:34 Bow Saw
35:22 Imperial Age
33:29 Wheelbarrow
33:40 Town Watch
36:24 Forging
37:02 Husbandry
37:30 Bracer
38:43 Bloodlines
39:02 Padded Archer Armor
40:44 Chemistry
40:04 Ballistics
40:36 Conscription
40:46 Leather Archer Armor
41:16 Thumb Ring
41:37 Parthian Tactics
44:07 Heavy Cavalry Archer
45:13 Elite Skirmisher
45:43 Elite Mangudai
47:34 Capped Ram
48:30 Nomads
Naery Valentina
5:08 Loom
5:28 Loom
10:46 Feudal Age
13:19 Forging
13:09 Scale Mail Armor
12:38 Man-at-Arms
22:13 Castle Age
21:26 Double-Bit Axe
21:24 Horse Collar
27:00 Fletching
28:29 Elite Skirmisher
30:31 Padded Archer Armor
31:51 Leather Archer Armor
34:40 Heavy Plow
34:58 Bodkin Arrow
36:38 Bow Saw
36:51 Gold Mining
36:54 Stone Mining
44:40 Imperial Age
43:22 Ballistics
44:24 Thumb Ring
46:25 Ring Archer Armor
46:10 Bloodlines
46:41 Scale Barding Armor
46:00 Light Cavalry
47:05 Hussar
49:30 Chain Barding Armor
52:21 Chemistry
53:05 Masonry
54:44 Elite Steppe Lancer
Connection lost

Rejoining the realm…

Still unreachable

The connection could not be restored.

Session expired

The server has moved on; the page needs a fresh start.